 Dungeon Sprint DCSS version 0.30.1-9-gdf580d7c3d (webtiles) character file.

Game seed: 10955478034573612546

17333 Heoruswealwe the Phalangite (level 12, -12/130 HPs)
             Began as a Minotaur Fighter on Oct 5, 2023.
             Was an Initiate of Gozag.
             Killed by divine providence
             ... invoked by an orc high priest
              (14 damage)
             ... in the Dungeon (Sprint IX: "|||||||||||||||||||||||||||||").
             The game lasted 00:19:34 (2409 turns).

Heoruswealwe the Phalangite (Minotaur Fighter)      Turns: 2409, Time: 00:19:35

Health: -12/130    AC: 14    Str: 25    XL:     12   Next: 18%
Magic:  11/11      EV:  8    Int:  5    God:    Gozag
Gold:   7534       SH:  0    Dex: 11    Spells: 11/11 levels left

rFire   . . .        b - +2 halberd (venom)
rCold   . . .        (shield currently unavailable)
rNeg    . . .        c - +0 plate armour
rPois   .            (helmet restricted)
rElec   .            h - +0 cloak
rCorr   .            f - +0 pair of gloves
SInv    .            e - +0 pair of boots
Will    .....        (no amulet) Stlth
                     k - +2 ring of protection
HPRegen 0.41/turn    (no ring)
MPRegen 0.12/turn

%: no teleportation
@: corroded, gold aura
A: horns 2, retaliatory headbutt
a: Renounce Religion, Potion Petition, Call Merchant, Bribe Branch


You were in the Dungeon.
You worshipped Gozag.
Gozag was greatly pleased with you.
You visited 1 branch You collected 7534 gold pieces.

Inventory:

Hand Weapons
 a - a +0 trident
 b - a +2 halberd of venom (weapon)
 g - a +0 glaive
Armour
 c - a +0 plate armour (worn)
 d - the +10 tower shield of Ignorance {rN+ Int-4}
   (You found it in the Dungeon)

   Int:       It affects your intelligence (-4).
   rN:        It protects you from negative energy.
 e - a +0 pair of boots (worn)
 f - a +0 pair of gloves (worn)
 h - a +0 cloak (worn)
Jewellery
 k - a +2 ring of protection (left hand)
Scrolls
 o - a scroll of identify
Potions
 i - a potion of berserk rage


   Skills:
 + Level 19.0 Fighting
 * Level 25.4 Polearms
 + Level 19.0 Armour
 - Level 3.6 Shields


You had 11 spell levels left.
You didn't know any spells.
Your spell library was empty.

Dungeon Overview and Level Annotations

Branches:
Dungeon (1/1)

Altars:
Cheibriados
Dithmenos
Elyvilon
Fedhas
Gozag
Hepliaklqana
Kikubaaqudgha
Makhleb
Nemelex Xobeh
Okawaru
Qazlal
Ru
Sif Muna
Trog
Uskayaw
Vehumet
Wu Jian
Xom
Yredelemnul
Zin
The Shining One
Jiyva
Lugonu

Shops:
D [(


Innate Abilities, Weirdness & Mutations

You have a pair of horns on your head.
You reflexively headbutt those who attack you in melee.


Message History

* * * LOW HITPOINT WARNING * * *
The rust devil corrodes you!
You closely miss the orc high priest.
Your headbutt misses the orc high priest.
The orc high priest is heavily wounded.
The orc high priest hits you with a +0 halberd.
* * * LOW HITPOINT WARNING * * *
You barely miss the orc high priest. You headbutt the orc high priest.
The orc high priest is heavily wounded.
The rust devil hits you. The rust devil corrodes you!
You barely miss the orc high priest. You headbutt the orc high priest.
The orc high priest is heavily wounded.
The orc high priest hits you but does no damage.
An orc high priest comes into view. It is wielding a +0 dire flail.
The rust devil hits you. The rust devil corrodes you!
You barely miss the orc high priest. You headbutt the orc high priest.
The orc high priest is severely wounded.
The orc high priest utters an invocation to Beogh.
The orc high priest hits you but does no damage.
You hit the orc high priest but do no damage.
The orc high priest looks as sick as possible!
The orc high priest is severely wounded.
The rust devil hits you. The rust devil corrodes you!
The orc high priest prays to Beogh.
The orc high priest hits you with a +0 halberd.
* * * LOW HITPOINT WARNING * * *
You hit the orc high priest.
The orc high priest looks as sick as possible!
The orc high priest is severely wounded.
The rust devil hits you. The rust devil corrodes you!
You slice the orc high priest!!
You kill the orc high priest!
The rust devil disappears in a puff of smoke!
Your Fighting skill increases to level 19!
Your Armour skill increases to level 19!
You hit the orc high priest but do no damage.
The orc high priest mumbles some strange prayers to Beogh against you.
Beogh smites you!
You die...
Your body crumbles into a pile of gold. ▓▓▓▓▓▓▓▓▓▓▓▓▓▓▓▓▓▓▓▓▓▓▓▓ $$$$$

$ .3o4$4o@§$.......))[[['.
▓▓▓▓▓▓▓▓▓▓▓▓▓▓▓▓▓▓▓▓▓▓▓▓▓▓▓▓▓▓▓▓▓
............)....................
▓▓▓▓▓▓▓▓▓▓▓▓▓▓▓▓▓▓▓▓▓▓▓▓▓▓▓▓▓▓▓▓▓
[...'[.(.........'.........'.....
▓▓▓▓▓▓▓▓▓▓▓▓▓▓▓▓▓▓▓▓▓▓▓▓▓▓▓▓▓▓▓▓▓
.................................
▓▓▓▓▓▓▓▓▓▓▓▓▓▓▓▓▓▓▓▓▓▓▓▓▓▓▓▓▓▓▓▓▓
'......)...=[[)?!'_______________


You could see 2 orc high priests, 2 rust devils and a sixfirhy (summoned).

Vanquished Creatures
  A hydra (D)
  2 centaur warriors (D)
  A catoblepas (D)
  5 orc high priests (D)
  Sonja (D)
  A skyshark (D)
  6 orc knights (D)
  An ugly thing (D)
  A cyclops (D)
  8 elephants (D)
  Joseph (D)
  An unseen horror (D)
  2 cane toads (D)
  A kobold demonologist (D)
  2 komodo dragons (D)
  3 blink frogs (D)
  A shadow (D)
  2 wyverns (D)
  A yak (D)
  An acid dragon (D)
  4 water moccasins (D)
  10 orc warriors (D)
  A wolf (D)
  A kobold brigand (D)
  2 bullfrogs (D)
  6 orc priests (D)
  An iguana (D)
  4 orc wizards (D)
  An adder (D)
  2 orcs (D)
  An endoplasm (D)
  3 goblins (D)
  2 quokkas (D)
  A frilled lizard (D)
81 creatures vanquished.

Notes
Turn   | Place    | Note
-------+----------+-------------------------------------------
     0 | D        | Heoruswealwe the Minotaur Fighter began the quest for the
                  | Orb.
     0 | D        | Reached XP level 1. HP: 19/19 MP: 0/0
     6 | D        | Reached skill level 3 in Polearms
    19 | D        | Noticed an iguana
    22 | D        | Reached skill level 4 in Polearms
    29 | D        | Reached XP level 2. HP: 27/28 MP: 1/1
    36 | D        | Reached skill level 5 in Polearms
    39 | D        | Reached skill level 5 in Fighting
    39 | D        | Reached skill level 6 in Polearms
    39 | D        | Reached skill level 5 in Armour
    39 | D        | Reached XP level 3. HP: 27/36 MP: 2/2
    44 | D        | Found a snail-covered altar of Cheibriados.
    44 | D        | Found a shadowy altar of Dithmenos.
    44 | D        | Found a white marble altar of Elyvilon.
    44 | D        | Found a blossoming altar of Fedhas.
    44 | D        | Found an opulent altar of Gozag.
    45 | D        | Found a hazy altar of Hepliaklqana.
    46 | D        | Found a viscous altar of Jiyva.
    47 | D        | Found an ancient bone altar of Kikubaaqudgha.
    48 | D        | Found a corrupted altar of Lugonu.
    49 | D        | Found a burning altar of Makhleb.
    50 | D        | Found a sparkling altar of Nemelex Xobeh.
    51 | D        | Found an iron altar of Okawaru.
    52 | D        | Became a worshipper of Gozag Ym Sagoz the Greedy
    53 | D        | Found a stormy altar of Qazlal.
    54 | D        | Found a sacrificial altar of Ru.
    55 | D        | Found a shimmering blue altar of Sif Muna.
    56 | D        | Found a bloodstained altar of Trog.
    57 | D        | Found a hide-covered altar of Uskayaw.
    58 | D        | Found a radiant altar of Vehumet.
    59 | D        | Found an ornate altar of the Wu Jian Council.
    60 | D        | Found a shimmering altar of Xom.
    61 | D        | Found a basalt altar of Yredelemnul.
    62 | D        | Found a glowing silver altar of Zin.
    63 | D        | Found a glowing golden altar of the Shining One.
   126 | D        | Noticed an acid dragon
   126 | D        | Noticed a kobold brigand
   126 | D        | Noticed a wyvern
   126 | D        | Noticed a komodo dragon
   130 | D        | Killed a komodo dragon
   131 | D        | Reached skill level 11 in Polearms
   131 | D        | Reached XP level 4. HP: 22/49 MP: 3/3
   131 | D        | Reached XP level 5. HP: 25/56 MP: 4/4
   131 | D        | Reached XP level 6. HP: 28/62 MP: 5/5
   132 | D        | Killed a wyvern
   133 | D        | Reached skill level 12 in Polearms
   136 | D        | Reached XP level 7. HP: 27/71 MP: 6/6
   141 | D        | Reached skill level 10 in Fighting
   141 | D        | Reached skill level 13 in Polearms
   141 | D        | Reached skill level 10 in Armour
   150 | D        | Killed an unseen horror
   151 | D        | Reached skill level 14 in Polearms
   288 | D        | Noticed a cyclops
   288 | D        | Noticed a kobold demonologist
   288 | D        | Noticed a centaur warrior
   288 | D        | Noticed a centaur warrior
   288 | D        | Noticed a green ugly thing
   288 | D        | Noticed a shadow
   296 | D        | Killed a green ugly thing
   297 | D        | Reached skill level 15 in Polearms
   297 | D        | Reached XP level 8. HP: 79/83 MP: 7/7
   301 | D        | Reached skill level 16 in Polearms
   306 | D        | Killed a centaur warrior
   307 | D        | Reached skill level 17 in Polearms
   307 | D        | Reached XP level 9. HP: 67/92 MP: 8/8
   312 | D        | Killed a centaur warrior
   313 | D        | Reached skill level 18 in Polearms
   316 | D        | Killed a kobold demonologist
   320 | D        | Killed a cyclops
   494 | D        | Noticed Joseph
   506 | D        | Killed Joseph
   507 | D        | Reached skill level 19 in Polearms
   539 | D        | Found the +10 tower shield of Ignorance {rN+ Int-4}
   575 | D        | Noticed a komodo dragon
   575 | D        | Noticed a cane toad
   575 | D        | Noticed a catoblepas
   578 | D        | Noticed a cane toad
   582 | D        | Killed a catoblepas
   583 | D        | Reached XP level 10. HP: 28/104 MP: 9/9
   593 | D        | Killed a cane toad
   602 | D        | Reached skill level 20 in Polearms
   610 | D        | Killed a cane toad
   611 | D        | Reached skill level 15 in Fighting
   611 | D        | Reached skill level 15 in Armour
   746 | D        | Noticed a skyshark
   746 | D        | Noticed a seven-headed hydra
   755 | D        | Killed a 12-headed hydra
   756 | D        | Reached skill level 21 in Polearms
   766 | D        | Killed a skyshark
   902 | D        | Noticed an elephant
   902 | D        | Noticed an elephant
   902 | D        | Noticed an elephant
   902 | D        | Noticed an elephant
   902 | D        | Noticed an elephant
   902 | D        | Noticed an elephant
   910 | D        | Killed an elephant
   911 | D        | Reached skill level 22 in Polearms
   911 | D        | Reached XP level 11. HP: 108/115 MP: 10/10
   961 | D        | Reached skill level 23 in Polearms
  1094 | D        | Noticed Sonja
  1104 | D        | Killed Sonja
  1304 | D        | Noticed an orc knight
  1306 | D        | Noticed an orc knight
  1311 | D        | Noticed an orc knight
  1320 | D        | Killed an orc knight
  1339 | D        | Killed an orc knight
  1345 | D        | HP: 5/177 [orc knight/+0 dire flail (16)]
  1348 | D        | Killed an orc knight
  1353 | D        | HP: 2/177 [orc warrior/+0 hand axe (5)]
  1838 | D        | Noticed an orc knight
  1838 | D        | Noticed an orc knight
  1842 | D        | Noticed an orc knight
  1848 | D        | Killed an orc knight
  1849 | D        | Reached skill level 24 in Polearms
  1856 | D        | Killed an orc knight
  1896 | D        | Killed an orc knight
  2354 | D        | Found Ojeihuro's Antique Weapon Boutique.
  2354 | D        | Noticed an orc high priest
  2354 | D        | Noticed an orc high priest
  2354 | D        | Noticed an orc high priest
  2354 | D        | Noticed an orc high priest
  2355 | D        | Noticed an orc high priest
  2359 | D        | Killed an orc high priest
  2367 | D        | Killed an orc high priest
  2368 | D        | Reached XP level 12. HP: 59/128 MP: 11/11
  2374 | D        | Noticed an orc high priest
  2380 | D        | Killed an orc high priest
  2381 | D        | Reached skill level 25 in Polearms
  2381 | D        | Found Merchor's Antique Armour Shop.
  2396 | D        | Killed an orc high priest
  2402 | D        | HP: 6/129 [orc high priest/+0 halberd (3)]
  2404 | D        | Noticed an orc high priest
  2406 | D        | HP: 1/129 [orc high priest/+0 halberd (6)]
  2408 | D        | Killed an orc high priest
  2409 | D        | Killed from afar by an orc high priest

Illustrated notes

Levels and vault maps discovered:
D:        linesprint [early_d, line_temple, items_1, d_10, items_2, lair_1,
          lair_end, items_3, orc_1, orc_end, items_4, d_15, swamp_1, shoals_1,
          snake_1, spider_1, d_20, vaults_1, items_5, swamp_end, shoals_end,
          snake_end, spider_end, vaults_end, d_27, items_6, zot_1, zot_end,
          crypt_end, forest_end, elf_end, slime_end, tomb_end, abyss_end,
          pan_hell_end]

Skill      XL: |  1  2  3  4  5  6  7  8  9 10 11 12 |
---------------+-------------------------------------+-----
Polearms       | 4 6 11 12 15 17 19 22 24 25 | 25.4
Fighting       | 4 5 8 9 11 12 14 16 18 19 | 19.0
Armour         | 4 5 8 9 11 12 14 16 18 19 | 19.0
Shields        | |  3.6

Action                     |  1- 3 |  4- 6 |  7- 9 | 10-12 || total
---------------------------+-------+-------+-------+-------++-------
  Melee: Trident           |    24 |       |       |       ||    24
         Headbutt          |     4 |     1 |    15 |    57 ||    77
         Halberd           |     4 |     5 |    54 |   238 ||   301
  Evoke: Wand              |       |       |       |    10 ||    10
    Use: Potion            |       |       |     1 |    17 ||    18
         Scroll            |       |       |     1 |     4 ||     5
   Stab: Distracted        |       |       |       |     1 ||     1
 Armour: Scale mail        |     7 |       |       |       ||     7
         Chain mail        |     1 |     1 |    28 |    70 ||   100
         Plate armour      |       |       |       |    29 ||    29
  Dodge: Dodged            |     6 |       |    11 |    51 ||    68
  Block: Buckler           |     3 |       |       |       ||     3
